 Dungeon Crawl Stone Soup version 0.29-a0-845-g6161e89988 (webtiles) character file.

Game seed: 6818071800508897434

86 scionoferis the Chiller (level 4, -2/33 HPs)
             Began as a Draconian Ice Elementalist on July 15, 2022.
             Slain by an orc priest
             ... wielding a +0 flail
              (5 damage)
             ... on level 2 of the Dungeon.
             The game lasted 00:04:45 (1796 turns).

scionoferis the Chiller (DrIE)                      Turns: 1796, Time: 00:04:45

Health: -2/33      AC:  5    Str: 10    XL:     4   Next: 26%
Magic:  2/8        EV: 12    Int: 17    God:
Gold:   125        SH:  0    Dex: 12    Spells: 1/8 levels left

rFire   + . .      SeeInvis .   h - +2 short sword (venom)
rCold   . . .      Faith    .   (no shield)
rNeg    . . .      Spirit   .   (body armour unavailable)
rPois   .          Reflect  .   (helmet restricted)
rElec   .          Harm     .   (no cloak)
rCorr   .          Rampage  .   (no gloves)
Will    .....                   (no boots)
Stlth   ++........              (no amulet)
HPRegen 0.11/turn               o - ring of protection from fire
MPRegen 0.11/turn               (no ring)

@: no status effects
A: AC +5, unfitting armour, cold-blooded
a: no special abilities


You were on level 2 of the Dungeon.
You visited 1 branch of the dungeon, and saw 2 of its levels.

You collected 125 gold pieces.

Inventory:

Hand Weapons
 h - a +2 short sword of venom (weapon)
Missiles
 d - 4 atropa-tipped darts
Jewellery
 l - an amulet of faith
 o - a ring of protection from fire (left hand)
Scrolls
 b - 2 scrolls of identify {unknown}
 e - a scroll of teleportation {unknown}
 f - a scroll of poison {unknown}
 i - a scroll of enchant weapon {unknown}
 m - a scroll of blinking {unknown}
Potions
 a - 2 potions of magic
 c - 2 potions of curing {unknown}
 g - a potion of degeneration {unknown}
 j - a potion of ambrosia {unknown}
 k - a potion of mutation {unknown}
 n - a potion of haste {unknown}


   Skills:
 - Level 1.7 Dodging
 - Level 1.7 Stealth
 + Level 2.8 Spellcasting
 * Level 5.3 Ice Magic


You had one spell level left.
You knew the following spells:

 Your Spells              Type           Power      Damage    Failure   Level
a - Freeze                Ice            80%        1d9       1%          1
b - Frozen Ramparts       Ice            40%        1d6       6%          3
c - Ozocubu's Armour      Ice            20%        N/A       6%          3

Your spell library contained the following spells:

 Spells                   Type           Power      Damage    Failure   Level
 Hailstorm                Conj/Ice       11%        3d5       52%         4


Dungeon Overview and Level Annotations

Branches:
Dungeon (2/15)

Altars:


Innate Abilities, Weirdness & Mutations

Your plain brown scales are hard. (AC +5)
You cannot fit into any form of body armour.
You are cold-blooded and may be slowed by cold attacks.


Message History

Press: ? - help, Dir - look around, f - activate The walls around you are covered in ice.
The wall freezes the orc priest.
You barely miss the orc priest.
The orc priest is lightly wounded.
The wall freezes the orc priest.
The orc priest misses you.
You hit the orc priest but do no damage.
Your tail-slap misses the orc priest.
Your punch misses the orc priest.
The orc priest is lightly wounded.
The wall freezes the orc priest.
The orc priest mumbles some strange prayers to Beogh against you.
You barely resist. You puncture the orc priest!
The orc priest is poisoned.
The orc priest is almost dead.
You kill the orc priest!
You have reached level 4!
You feel agile.
The wall freezes the orc priest.
You closely miss the orc priest. You tail-slap the orc priest.
The orc priest is heavily wounded.
The frozen ramparts melt away.
The orc priest invokes the aid of Beogh against you.
Beogh smites you!
* * * LOW HITPOINT WARNING * * *
You barely miss the orc priest.
The orc priest is heavily wounded.
The orc priest hits you with a +0 flail.
* * * LOW HITPOINT WARNING * * *
You closely miss the orc priest.
The orc priest is heavily wounded.
The orc priest barely misses you.
Your magical contamination has completely faded away.
You closely miss the orc priest.
The orc priest is heavily wounded.
The orc priest hits you with a +0 flail.
* * * LOW HITPOINT WARNING * * *
You completely miss the orc priest.
The orc priest is heavily wounded.
The orc priest hits you with a +0 flail.
You die...

.....#..
...####.#####......
......# #####......#
##..#.. ......# #^.....#
#.##.. ......#
#......####..... ......#
##......#....#### ......#
##.......#.#..# .....##
###..........#..# ......#
##...#...........#
......#
#...@o.......###.#
......# #...##......##
#.#
......#........##.......#
#.# ..........#####
#..###### .. ......####
#...## ....### #....#
.#.## ...#### .#.# .o.##
.#.. ..


You could see an orc priest.

Vanquished Creatures
  An orc priest (D:2)
  An adder (D:2)
  A worm (D:2)
  A dart slug (D:1)
  3 orcs (D:2)
  5 ball pythons (D:1)
  3 bats (D:1)
  3 endoplasms (D:1)
  4 giant cockroaches
  3 hobgoblins (D:1)
  2 quokkas (D:2)
  4 frilled lizards (D:1)
  3 kobolds
  4 rats
38 creatures vanquished.

Notes
Turn   | Place    | Note
-------+----------+-------------------------------------------
     0 | D:1      | scionoferis the Draconian Ice Elementalist began the quest
                  | for the Orb.
     0 | D:1      | Reached XP level 1. HP: 14/14 MP: 3/3
   258 | D:1      | Reached XP level 2. HP: 20/20 MP: 3/5
   973 | D:1      | Reached XP level 3. HP: 22/26 MP: 6/6
   977 | D:1      | Learned a level 3 spell: Frozen Ramparts
  1447 | D:2      | Reached skill level 5 in Ice Magic
  1717 | D:2      | Learned a level 3 spell: Ozocubu's Armour
  1790 | D:2      | Reached XP level 4. HP: 19/33 MP: 1/8
  1796 | D:2      | Slain by an orc priest

Illustrated notes

Levels and vault maps discovered:
D:1:      lemuel_arrival_river_ford, layout_basic,
          wander_ebering_terrifying_dragon_lair
D:2:      cheibrodos_pilgrimage, layout_rooms

Skill      XL: |  1  2  3 |
---------------+----------+-----
Ice Magic      | 5 |  5.3
Dodging        | |  1.7
Stealth        | |  1.7
Spellcasting   | |  2.8

Action                   |  1- 3 |  4- 6 || total
-------------------------+-------+-------++-------
Melee: Unarmed           |    15 |       ||    15
       Short sword       |    64 |     5 ||    69
       Tailslap          |     5 |     1 ||     6
 Cast: Freeze            |     5 |       ||     5
       Frozen Ramparts   |     3 |       ||     3
 Stab: Sleeping          |     2 |       ||     2
Armor: Skin              |    18 |       ||    18
Dodge: Dodged            |    37 |     1 ||    38

Table legend: (Time is in decaauts)
 A = Elapsed time spent in this place.
 B = Non-inter-level travel time spent in this place.
 C = Inter-level travel time spent in this place.
 D = Time resting spent in this place.
 E = Time spent auto-exploring this place.
 F = Levels seen in this place.
 G = Mean time per level.
                   A        B        C        D        E       F      G
               +--------+--------+--------+--------+--------+-----+--------+
         Total |   1810 |   1778 |     32 |    302 |   1070 |   2 |  905.0 |
       Dungeon |   1810 |   1778 |     32 |    302 |   1070 |   2 |  905.0 |
               +--------+--------+--------+--------+--------+-----+--------+

Top non-repeatable levels by time:
     D:1: 1405 daAuts
     D:2: 405 daAuts
